[Event "*** Titled Tuesday Blitz"]
[Site "Chess.com"]
[Date "2020.05.26"]
[Round "1"]
[White "Parhamov"]
[Black "djano"]
[Result "1-0"]
[WhiteElo "3103"]
[BlackElo "2455"]
[TimeControl "180+1"]
[EndTime "10:07:46 PDT"]
[Termination "Parhamov won by resignation"]

1. e4 c5 2. Nf3 Nc6 3. Bb5 g6 4. Bxc6 bxc6 5. O-O Bg7 6. c3 Nf6 7. Re1 O-O 8. h3 Rb8 9. d4 cxd4 10. cxd4 d5 11.
e5 Ne4 12. Nbd2 Nxd2 13. Qxd2 Qb6 14. b3 c5 15. Ba3 cxd4 16. Bxe7 Re8 17. Bd6 Rb7 18.
Rac1 Bd7 19. Nxd4 Qa6 20. Rc5 Rb6 21. Rxd5 Qb7 22. Nf3 Bc6 23. Rd3 Be4 24. Rc3 Rc6 25. Rxc6 Bxc6 26. Qc3 Rc8 27. Rc1 Bd7 28. Qd2 h6 29.
Rxc8+ Bxc8 30. Qc3 Be6 31. Qc7 Qa6 32. Qc2 Qb7 33. Nd4 Bd5 34. f3 Kh7 35. Qc5 Be6 36. Nxe6 fxe6 37. Qc7 Qxc7 38. Bxc7 Kg8 39. Bd6 Kf7 40. Kf2 Ke8 41. b4 Kd7 42. b5 g5 43.
g4 Kc8 44. a4 Kb7 45. a5 a6 46. b6 Kc6 47. Kg3 Bh8 48. h4 Bg7 49. f4 gxh4+ 50. Kxh4 1-0

[Event "*** Titled Tuesday Blitz"]
[Site "Chess.com"]
[Date "2020.05.26"]
[Round "1"]
[White "nikitakhoroshev"]
[Black "Paralinch"]
[Result "0-1"]
[WhiteElo "2424"]
[BlackElo "2874"]
[TimeControl "180+1"]
[EndTime "10:07:46 PDT"]
[Termination "Paralinch won by resignation"]

1. Nf3 c5 2. g3 Nc6 3. Bg2 g6 4. c3 e5 5. O-O Bg7 6. Na3 d5 7.
Nc2 Nge7 8. d4 cxd4 9. cxd4 e4 10. Nfe1 O-O 11. f4 exf3 12. exf3 Bf5 13. Be3 Qb6 14. b3 Rac8 15. Qd2 Bxc2 16. Nxc2 Nf5 17. Rfd1 Nxe3 18. Qxe3 Rfe8 19. Qd2 Re7 20. Kh1 Rce8 21. Bf1 h5 22. Rac1 h4 23. Kg2 Qd8 24. b4 Qd7 25.
b5 Nd8 26. Re1 Ne6 27. a4 Kh7 28. Rcd1 Bh6 29. Qf2 Bg7 30. gxh4 Nf4+ 31. Kh1 Qf5 32. Ne3 Qh5 33. Ng4 Qf5 34. Ne3 Qd7 35. Nc2 Bf6 36. Re3 Rxe3 37. Nxe3 Qe7 38. Ng4 Bxh4 39. Qd2 Qg5 40. Rc1 Re7 41. Rc8 Qf5 42. Rc1 Kg7 43. Ne3 Qh5 44. Ng4 Qf5 45. Ne3 Qh5 46. Ng4 Ne6 47.
Rd1 Qf5 48. Qd3 Qxd3 49. Rxd3 Nf4 50. Re3 Rc7 51. Rb3 Rc1 52. Ne3 Bf2 0-1

[Event "*** Titled Tuesday Blitz"]
[Site "Chess.com"]
[Date "2020.05.26"]
[Round "1"]
[White "51616516516"]
[Black "Kostya_Nikologorskiy"]
[Result "1/2-1/2"]
[WhiteElo "2361"]
[BlackElo "2708"]
[TimeControl "180+1"]
[EndTime "10:07:46 PDT"]
[Termination "Game drawn by stalemate"]

1. d4 Nf6 2. c4 g6 3. Nc3 Bg7 4. e4 d6 5. Nf3 O-O 6. Be2 e5 7. O-O Nc6 8. Be3 Ng4 9. Bg5 f6 10. Bh4 g5 11. Bg3 Nh6 12. Qd2 g4 13. Nh4 Nxd4 14.
Rad1 Be6 15. b3 Qd7 16. Nb5 Nxe2+ 17. Qxe2 Nf7 18. Nc3 Ng5 19. Rd3 Qf7 20. Rfd1 h5 21.
Nd5 Rad8 22. a4 Kh7 23. a5 f5 24. exf5 Bxf5 25. Nxf5 Qxf5 26. Nxc7 Ne4 27. Ne6 Qxe6 28. Qxe4+ Kh8 29. c5 Bf6 30. Rxd6 Rxd6 31. Rxd6 Qxb3 32. Bxe5 Kg7 33. Bxf6+ Rxf6 34. Qe7+ Qf7 35. Qxf6+ Qxf6 36. Rxf6 Kxf6 37. f3 gxf3 38. gxf3 Ke5 39. Kf2 Kd5 40. f4 Kxc5 41. Kg3 b5 42. axb6 axb6 43. f5 Kd6 44.
Kf4 b5 45. Ke4 b4 46. Kd4 h4 47. Kc4 Ke5 48. Kxb4 Kxf5 49. Kc3 Ke4 50. Kd2 Kf3 51. Ke1 Kg2 52. Ke2 h3 53. Ke1 Kxh2 54. Kf2 Kh1 55. Kf1 h2 56. Kf2 1/2-1/2

[Event "*** Titled Tuesday Blitz"]
[Site "Chess.com"]
[Date "2020.05.26"]
[Round "1"]
[White "Xtrmntr78"]
[Black "Anton_Demchenko"]
[Result "1-0"]
[WhiteElo "2432"]
[BlackElo "2839"]
[TimeControl "180+1"]
[EndTime "10:07:47 PDT"]
[Termination "Xtrmntr78 won on time"]

1. c4 e5 2. Nc3 d6 3. Nf3 f5 4. g3 Nf6 5. Bg2 Be7 6. O-O O-O 7. d4 e4 8. Ng5 c6 9. d5 h6 10. Nh3 Nbd7 11. f3 exf3 12. exf3 Ne5 13. b3 cxd5 14. Nxd5 Nxd5 15. Qxd5+ Kh7 16. Ba3 Bd7 17. Rad1 Bc6 18. Qd2 Qb6+ 19. Kh1 Rad8 20. Nf4 Bg5 21. h4 Bxf4 22.
Qxf4 Ng6 23. Qd4 Qa5 24. Bb2 Rf7 25. h5 Nf8 26. Qc3 Qc7 27. Rfe1 f4 28. g4 Nd7 29.
Re6 Nf8 30. Re2 Kg8 31. Kg1 Re8 32. Rde1 Rxe2 33. Rxe2 a6 34. Kf2 Qd8 35. Qd4 b5 36. c5 Qh4+ 37. Kg1 dxc5 38. Qxc5 Bd7 39. Bd4 Qd8 40.
Bf2 Qb8 41. Bf1 a5 42. Rd2 Be6 43. Bxb5 Rc7 44. Qd6 1-0

[Event "*** Titled Tuesday Blitz"]
[Site "Chess.com"]
[Date "2020.05.26"]
[Round "1"]
[White "oykuince"]
[Black "GrafLermontov"]
[Result "0-1"]
[WhiteElo "2014"]
[BlackElo "2480"]
[TimeControl "180+1"]
[EndTime "10:07:48 PDT"]
[Termination "GrafLermontov won by resignation"]

1. e4 c5 2. Nf3 e6 3. d4 cxd4 4. Nxd4 Nc6 5. Nc3 Qc7 6. g3 a6 7.
Bg2 Nf6 8. O-O Be7 9. Re1 d6 10.
Nxc6 bxc6 11. e5 dxe5 12. Rxe5 O-O 13. Re1 Rd8 14. Qf3 Bb7 15. Bf4 Qb6 16. Na4 Qa5 17.
b3 Rd7 18. Qe2 Rad8 19. Be3 c5 20. Bxb7 Rxb7 21. Rad1 Rc8 22. c4 h6 23. Bf4 Bf8 24.
Rd2 Rd7 25. Red1 Rxd2 26. Qxd2 Qxd2 27. Rxd2 g5 28. Be5 Be7 29. Bxf6 Bxf6 30. Rd6 a5 31. Ra6 Rd8 32. Rxa5 Rd2 33. Nxc5 Bd4 34. Ne4 Rd1+ 35. Kg2 f5 36. Nd6 Rd2 37. Ra8+ Kg7 38. Ra7+ Bxa7 39. Kg1 Rxf2 40. Kh1 Rxa2 41. h3 Rb2 42. h4 Rxb3 43.
Nc8 Bc5 44. Nb6 Rxb6 45. Kg2 Rb4 46. Kf3 Rxc4 47. hxg5 hxg5 48. g4 Kf6 49. gxf5 exf5 50. Kg2 g4 51. Kh2 Kg5 52. Kh1 f4 0-1

[Event "*** Titled Tuesday Blitz"]
[Site "Chess.com"]
[Date "2020.05.26"]
[Round "1"]
[White "sergiochess83"]
[Black "Giraffe_Chess"]
[Result "1-0"]
[WhiteElo "2847"]
[BlackElo "2414"]
[TimeControl "180+1"]
[EndTime "10:07:50 PDT"]
[Termination "sergiochess83 won by resignation"]

1. e4 c6 2. d4 d5 3. e5 Bf5 4. Nf3 e6 5. Be2 Ne7 6. O-O Nd7 7. Nbd2 h6 8. Nb3 Bg4 9. h3 Bxf3 10. Bxf3 Nf5 11. Bg4 g6 12. a4 h5 13. Bxf5 gxf5 14. a5 a6 15. Be3 Qh4 16. Qf3 Bh6 17. Nc1 O-O-O 18. Bxh6 Rxh6 19. Ne2 Rg8 20. Nf4 Nf8 21. Kh2 Ng6 22. g3 Qg5 23. h4 Qg4 24. Qxg4 hxg4 25.
Nd3 Rgh8 26. Kg2 f4 27. Rh1 f3+ 28. Kf1 Ne7 29. Ke1 Nf5 30. c3 Kc7 31. Kd2 Rh5 32. Nc5 R8h7 33. Ra3 Rh8 34. Rb3 Rb8 35. Rb4 Ne7 36.
Ra1 Nc8 37. Ke3 Rf5 38. Rh1 Na7 39. h5 Nb5 40. Ra4 Rh8 41. h6 Rg5 42. Raa1 Rg6 43.
Kf4 Rgxh6 44. Rxh6 Rxh6 45. Kxg4 Rh2 46. Kxf3 Na7 47. Ke3 Nc8 48. g4 Ne7 49. Ra3 Rh3+ 50. f3 Ng6 51. Rb3 Nh4 52. Rxb7+ Kc8 53. Rxf7 Rh2 54.
Nxe6 Ng2+ 55. Kf2 Nf4+ 56. Kg3 Nxe6 57. Kxh2 Ng5 58. Rf6 Kc7 59. Kg3 1-0

[Event "*** Titled Tuesday Blitz"]
[Site "Chess.com"]
[Date "2020.05.26"]
[Round "1"]
[White "FrogMist"]
[Black "lilleper1"]
[Result "0-1"]
[WhiteElo "2367"]
[BlackElo "2727"]
[TimeControl "180+1"]
[EndTime "10:07:50 PDT"]
[Termination "lilleper1 won on time"]

1. e4 c5 2. Nf3 d6 3. d4 cxd4 4.
Nxd4 Nf6 5. Nc3 a6 6. Bg5 Nbd7 7. Qe2 h6 8. Bh4 g6 9. f4 e5 10. fxe5 dxe5 11. O-O-O Qc7 12. Nb3 b5 13. Rxd7 Nxd7 14. Nd5 Qb8 15. Na5 Bg7 16. Qd2 O-O 17. Be2 Nc5 18.
Nc6 Qb7 19. Qb4 Ne6 20. Rf1 g5 21. Na5 Qd7 22. Bf2 Nf4 23. Bf3 Rb8 24. Bc5 Re8 25.
Nb6 Qc7 26. Nd5 Nxd5 27. exd5 Bf5 28. d6 Qc8 29. Bd5 e4 30. Bc6 Rd8 31. h3 Bg6 32. Bd5 e3 33. Nc6 e2 34. Re1 Qd7 35. Nxb8 Rxb8 36.
Rxe2 Qf5 37. Be4 Qf1+ 38. Qe1 Qf6 39. c3 b4 40. Bxg6 Qxg6 41. Re8+ Rxe8 42. Qxe8+ Kh7 43. d7 bxc3 44. d8=Q cxb2+ 45. Kd2 Bf6 46. Qd3 Qxd3+ 47. Kxd3 b1=Q+ 48. Kc4 Qc2+ 49. Kd5 Qd3+ 0-1

[Event "*** Titled Tuesday Blitz"]
[Site "Chess.com"]
[Date "2020.05.26"]
[Round "1"]
[White "VALPARAISO37"]
[Black "PavelShkapenko"]
[Result "1-0"]
[WhiteElo "2343"]
[BlackElo "2676"]
[TimeControl "180+1"]
[EndTime "10:07:50 PDT"]
[Termination "VALPARAISO37 won on time"]

1. d4 Nf6 2. c4 e6 3. Nc3 Bb4 4. a3 Bxc3+ 5. bxc3 c5 6. e3 Nc6 7. Bd3 b6 8. e4 d6 9. Nf3 e5 10. d5 Ne7 11. Nd2 Ng6 12. Nf1 Nf4 13. Bxf4 exf4 14. Nd2 Ng4 15. Nf3 Qf6 16. Rc1 Ne5 17. Nxe5 Qxe5 18.
O-O O-O 19. a4 Bd7 20. f3 Rae8 21. Qd2 f5 22. Ra1 fxe4 23. Bxe4 Qf6 24. a5 b5 25. cxb5 Bxb5 26. Rfe1 Bc4 27. Rab1 Rb8 28. Qc2 g6 29. Qd2 Rfe8 30. h3 Kg7 31. Kh2 Qh4 32. Kg1 Qg5 33.
Red1 Bb5 34. c4 Bd7 35. Kh1 Qg3 36. Qc3+ Kf7 37. Qc2 Rb4 38. Rxb4 cxb4 39. Rb1 Rb8 40. c5 b3 41. Qc3 Bxh3 42. gxh3 Qxh3+ 43. Kg1 Qg3+ 44. Kf1 Qh3+ 45. Ke2 Qg2+ 46. Kd3 dxc5 47. Qxc5 Re8 48. d6 Kf6 49. Qd4+ Kg5 50. Qc5+ Kh6 51. Rg1 Qh2 52.
Qg5+ Kg7 53. Rg2 Qh1 54. Kc3 Qc1+ 55. Kd4 b2 56. d7 b1=Q 57. Bxb1 Qe3+ 58. Kd5 Re5+ 59.
Qxe5+ 1-0

[Event "*** Titled Tuesday Blitz"]
[Site "Chess.com"]
[Date "2020.05.26"]
[Round "1"]
[White "Abund"]
[Black "SameerMujumdar"]
[Result "0-1"]
[WhiteElo "2597"]
[BlackElo "2295"]
[TimeControl "180+1"]
[EndTime "10:07:50 PDT"]
[Termination "SameerMujumdar won by resignation"]

1. d4 Nf6 2. c4 g6 3. f3 Bg7 4.
e4 d6 5. Nc3 O-O 6. Nge2 Nc6 7. Be3 e5 8. d5 Ne7 9. g4 Ne8 10. Ng3 f5 11. gxf5 gxf5 12. exf5 Nxf5 13. Nxf5 Bxf5 14. Qd2 Qh4+ 15. Bf2 Qh5 16. Be2 Bh6 17. Be3 Qh4+ 18. Kd1 Bxe3 19. Qxe3 Kh8 20. Kd2 Nf6 21. Rag1 Nh5 22. Qh6 Qf4+ 23. Qxf4 Nxf4 24. Rg5 h6 25. Rg3 a6 26. a3 Rg8 27. Rhg1 Kh7 28. Bd1 Nh5 29.
Rxg8 Rxg8 30. Rxg8 Kxg8 31. b4 Nf4 32. c5 Kf7 33.
Ke3 Ke7 34. Ba4 Bg6 35. Bb3 Bf7 36. Ba2 b6 37. cxb6 cxb6 38. Bc4 b5 39. Bb3 Kf6 40.
Ba2 Kg5 41. Ne4+ Kh4 42. Nxd6 Bxd5 43. Bb1 Kh3 44. Nf5 h5 45. Ne7 Be6 46. Nc6 Bd5 47. Nxe5 Ng2+ 48. Kf2 Kxh2 49. f4 Nxf4 50. Bf5 h4 51.
Bc8 h3 52. Ng4+ Kh1 53. Kg3 Be6 54. Nf2+ Kg1 55. Ne4 h2 56. Nf2 Bxc8 57. Kxf4 Kxf2 0-1

[Event "*** Titled Tuesday Blitz"]
[Site "Chess.com"]
[Date "2020.05.26"]
[Round "1"]
[White "TST2014"]
[Black "andy_rekt"]
[Result "1-0"]
[WhiteElo "2519"]
[BlackElo "2150"]
[TimeControl "180+1"]
[EndTime "10:07:50 PDT"]
[Termination "TST2014 won on time"]

1. d4 e6 2. Nf3 Nf6 3. c4 Bb4+ 4.
Bd2 a5 5. g3 b6 6. Bg2 Bb7 7. O-O O-O 8. Bf4 Be7 9. Nc3 d6 10.
Qc2 Nbd7 11. Rad1 Re8 12. h3 Bf8 13. g4 Qe7 14. e4 e5 15. Bg5 h6 16. Bh4 g5 17.
Bg3 exd4 18. Nxd4 Nc5 19. Nf5 Qe6 20. Nd5 Nxd5 21. exd5 Qg6 22. Qb1 Ba6 23. b3 b5 24.
cxb5 Bxb5 25. Rfe1 Rxe1+ 26. Rxe1 Bd3 27. Qc1 Bxf5 28.
gxf5 Qxf5 29. Qc4 Rb8 30. Kh2 Rb4 31. Qe2 Nd3 32. Be4 Rxe4 33. Qxe4 Qxe4 34. Rxe4 Nc5 35. Rc4 f5 36. f4 Bg7 37. Bf2 Na6 38. Rc6 Nb4 39.
Rxc7 Nxa2 40. Bb6 Nb4 41. Bxa5 Nxd5 42. Rc8+ Kf7 43. fxg5 hxg5 44. b4 Be5+ 45. Kg1 f4 46.
b5 f3 47. Kf2 1-0

[Event "*** Titled Tuesday Blitz"]
[Site "Chess.com"]
[Date "2020.05.26"]
[Round "1"]
[White "Superfelix"]
[Black "Andreikka"]
[Result "0-1"]
[WhiteElo "2440"]
[BlackElo "2938"]
[TimeControl "180+1"]
[EndTime "10:07:51 PDT"]
[Termination "Andreikka won by resignation"]

1. e4 d5 2. exd5 Qxd5 3. Na3 Nf6 4. Nc4 Nc6 5. Nf3 e5 6. Ne3 Qc5 7. d3 Be6 8. Ng5 Bd7 9. c3 a5 10. a4 Be7 11. Be2 O-O 12. O-O Rad8 13. Qb3 b6 14. Ne4 Nxe4 15. dxe4 Bg5 16. Nd5 Bxc1 17. Raxc1 Be6 18. Bc4 Bxd5 19. Bxd5 Ne7 20. Bc4 Nc8 21.
Rcd1 Nd6 22. Bd3 c6 23. h3 Rfe8 24. Qc2 g6 25. Qe2 Kg7 26. Kh1 Rd7 27. Rd2 Red8 28.
Rfd1 Ne8 29. Bc2 Rxd2 30. Rxd2 Rxd2 31. Qxd2 Qd6 32. Qe3 Qd8 33. Bb3 Nd6 34. g3 Nb7 35. Kg2 Nc5 36. Bc2 Ne6 37. Bb3 Nc5 38. Bc2 h5 39. h4 Qc7 40. b4 axb4 41. cxb4 Ne6 42. a5 bxa5 43. bxa5 Qxa5 44. Bb3 Nd4 45. Bc4 Qc5 46. Ba2 Qc2 47. Qa3 Qxe4+ 48. Kg1 Nf3+ 49. Kf1 Nd2+ 50. Kg1 Qe1+ 51. Kg2 Qf1+ 52. Kh2 Qxf2+ 53.
Kh3 Qf1+ 0-1

[Event "*** Titled Tuesday Blitz"]
[Site "Chess.com"]
[Date "2020.05.26"]
[Round "1"]
[White "vladislavkovalev"]
[Black "pastouche06"]
[Result "1-0"]
[WhiteElo "2887"]
[BlackElo "2427"]
[TimeControl "180+1"]
[EndTime "10:07:51 PDT"]
[Termination "vladislavkovalev won on time"]

1. e4 c6 2. Nf3 d5 3. Nc3 dxe4 4. Nxe4 Nf6 5. Qe2 Nxe4 6. Qxe4 Qa5 7. Bc4 Bf5 8. Qe3 e6 9. O-O Nd7 10. c3 Be7 11. d4 O-O 12. a4 Qc7 13. a5 b5 14.
Be2 a6 15. b4 Nf6 16. Ne5 Bd6 17. f4 Nd5 18. Qf3 f6 19. Nd3 Rae8 20. Bd2 e5 21. fxe5 fxe5 22. Nxe5 Bxe5 23. dxe5 Qxe5 24. Rae1 Bg6 25.
Qg4 Nf6 26. Qf4 Ne4 27. Qxe5 Rxe5 28. Rxf8+ Kxf8 29. Rf1+ Rf5 30. Rxf5+ Bxf5 31. Be1 Ke7 32. g4 Bg6 33. Kg2 Ke6 34. Kf3 Kd5 35. Ke3 Nd6 36.
h4 Nc4+ 37. Kf4 Be4 38. h5 h6 39. Bf2 Nd6 40. Bd4 Ne8 41. g5 hxg5+ 42. Kxg5 Ke6 43. Bg4+ Kf7 44. Bc8 Nd6 45. Bxa6 Bf5 46. Kf4 Ke6 47. Bxg7 1-0

[Event "*** Titled Tuesday Blitz"]
[Site "Chess.com"]
[Date "2020.05.26"]
[Round "1"]
[White "konradrutkowski"]
[Black "AnthonyWirig"]
[Result "0-1"]
[WhiteElo "2315"]
[BlackElo "2678"]
[TimeControl "180+1"]
[EndTime "10:07:51 PDT"]
[Termination "AnthonyWirig won by resignation"]

1. e4 c5 2. Nf3 e6 3. d3 Nc6 4. g3 g6 5. Bg2 Bg7 6. O-O Nge7 7. c3 e5 8. a3 O-O 9. b4 d6 10. Bb2 b6 11. Nbd2 h6 12. b5 Na5 13.
d4 a6 14. a4 Be6 15. Re1 Kh7 16. Bf1 axb5 17. axb5 Qc7 18. Ra3 Rae8 19. dxe5 dxe5 20. c4 Rd8 21. Qa1 f6 22. Bc3 Nb7 23. Rb1 Nc8 24.
Rb2 Rd7 25. Rba2 Rfd8 26. Ra8 Ncd6 27. Rxd8 Rxd8 28. Ra8 Nc8 29. h4 h5 30. Kg2 Bg4 31.
Qa6 Nbd6 32. Qa2 Be6 33. Be2 Nxb5 34. Qb3 Nd4 35. Bxd4 cxd4 36. Bd3 Bf8 37. Qb5 Bc5 38. Qa6 Kg7 39. Ne1 Bf7 40. Bc2 Nd6 41. Nd3 Rxa8 42. Qxa8 Nxc4 43. Nxc4 Bxc4 44. Nxc5 bxc5 45. Qa3 Bf7 46.
Ba4 c4 47. Qb4 c3 48. Bc2 Qc4 49. Bd3 Qxb4 0-1

[Event "*** Titled Tuesday Blitz"]
[Site "Chess.com"]
[Date "2020.05.26"]
[Round "1"]
[White "luizwas"]
[Black "UCantHandleDenker"]
[Result "0-1"]
[WhiteElo "1824"]
[BlackElo "2464"]
[TimeControl "180+1"]
[EndTime "10:07:51 PDT"]
[Termination "UCantHandleDenker won by checkmate"]

1. e4 d6 2. d4 Nf6 3. Nc3 e5 4. dxe5 dxe5 5. Qxd8+ Kxd8 6. Bg5 c6 7. O-O-O+ Ke8 8. Nf3 Nbd7 9. Bxf6 gxf6 10. Bc4 Bc5 11.
Rd2 Rg8 12. g3 b5 13. Bb3 a5 14. a3 Ke7 15. Rhd1 Nb6 16. Nh4 Be6 17. Nf5+ Bxf5 18. exf5 Kf8 19. Rd8+ Kg7 20. Rxa8 Rxa8 21. Ne4 Be7 22.
Nd6 Bxd6 23. Rxd6 Rc8 24. c3 Rc7 25. Bd1 Nc8 26. Rd8 Ne7 27. g4 Nd5 28. Bf3 Nf4 29.
Rd6 c5 30. Rb6 b4 31. axb4 cxb4 32. Kc2 Rc5 33. Rb7 Nh3 34. Bg2 Nxf2 35. Kb3 bxc3 36.
bxc3 Nxg4 37. h3 Ne3 38. Be4 h5 39. Rd7 h4 40. Bb7 Kh6 41. Be4 Kg5 42. Rxf7 Nd1 43.
Rg7+ Kf4 44. Rg4+ Ke3 45. Bc2 Rxc3+ 46. Ka4 Rxc2 47. Rxh4 Rf2 48. Rh6 Rxf5 49. Kxa5 e4+ 50. Kb6 Kf2 51. h4 e3 52. Rg6 e2 53. h5 e1=Q 54. h6 Qe3+ 55. Kc7 Qe7+ 56. Kc8 Rc5+ 57.
Kb8 Qc7+ 58. Ka8 Ra5# 0-1

[Event "*** Titled Tuesday Blitz"]
[Site "Chess.com"]
[Date "2020.05.26"]
[Round "1"]
[White "eCztery"]
[Black "Joshukid"]
[Result "1-0"]
[WhiteElo "2313"]
[BlackElo "2616"]
[TimeControl "180+1"]
[EndTime "10:07:52 PDT"]
[Termination "eCztery won by resignation"]

1. e4 c6 2. Nc3 d5 3. Nf3 dxe4 4. Nxe4 Nf6 5. Qe2 Nxe4 6. Qxe4 Qa5 7. Bc4 Bf5 8. Qf4 e6 9. O-O Nd7 10. d3 h6 11. Bd2 Qd8 12. Bc3 Nb6 13. Rfe1 Nxc4 14. dxc4 Be7 15. Bxg7 Rg8 16. Bxh6 Qb6 17. Bg5 f6 18. Bxf6 Qc5 19. Bxe7 Qxe7 20. Nd4 Qg7 21. Qg3 Qh8 22. Qe5 Qh3 23. g3 O-O-O 24. Nxf5 exf5 25. Rad1 Rxd1 26. Rxd1 f4 27. Re1 f3 28. Qe6+ Qxe6 29.
Rxe6 Rd8 30. Re1 Rd2 31. Rc1 Kd7 32. b3 Ke6 33. h3 Kf5 34. Re1 Rxc2 35. Re3 Rxa2 36.
Rxf3+ Ke4 37. Re3+ Kd4 38. h4 a5 39. h5 a4 40. bxa4 Rxa4 41. h6 Ra1+ 42. Kg2 Ra8 43. Re7 Rh8 44. h7 b6 45. g4 Kxc4 46. g5 b5 47. g6 Kc5 48. Rg7 b4 49. Rg8 Rxh7 50. gxh7 1-0

[Event "*** Titled Tuesday Blitz"]
[Site "Chess.com"]
[Date "2020.05.26"]
[Round "1"]
[White "iLuusions"]
[Black "FeketeBarika"]
[Result "1-0"]
[WhiteElo "2587"]
[BlackElo "2243"]
[TimeControl "180+1"]
[EndTime "10:07:52 PDT"]
[Termination "iLuusions won by resignation"]

1. d4 e6 2. c4 Nf6 3. Nf3 d5 4. g3 Be7 5. Bg2 O-O 6. O-O dxc4 7. Qc2 a6 8. a4 Bd7 9. Qxc4 Bc6 10. Bf4 Nbd7 11. Nc3 Nb6 12. Qd3 Nbd5 13. Bg5 h6 14.
Bxf6 Bxf6 15. e4 Nb4 16. Qc4 a5 17. Rad1 Qd7 18. b3 Rfd8 19. Rd2 Bg5 20. Nxg5 hxg5 21.
d5 exd5 22. exd5 Qe7 23. Re2 Qf6 24. dxc6 bxc6 25. Ne4 Qg6 26. Rfe1 Rab8 27. Nc5 Qd6 28. Re7 Rf8 29. Rd7 Qf6 30. Qd4 Qg6 31. Be4 Qh5 32. Rxc7 Rbd8 33. Rd7 Rxd7 34. Qxd7 Qh6 35. Bf5 Qf6 36. Re8 g6 37. Rxf8+ Kxf8 38. Bg4 Kg7 39. Ne6+ Kh6 40. Qd4 Qxd4 41. Nxd4 f5 42. Bf3 c5 43.
Ne6 g4 44. Be2 g5 45. Nxc5 Kg6 46. Nb7 Nc6 47. Bb5 Nd4 48. Nxa5 Nxb5 49. axb5 1-0

[Event "*** Titled Tuesday Blitz"]
[Site "Chess.com"]
[Date "2020.05.26"]
[Round "1"]
[White "enzovsky"]
[Black "Norival"]
[Result "0-1"]
[WhiteElo "2307"]
[BlackElo "2665"]
[TimeControl "180+1"]
[EndTime "10:07:53 PDT"]
[Termination "Norival won by resignation"]

1. e4 c5 2. Nf3 e6 3. d4 cxd4 4. Nxd4 Nc6 5. Nc3 Qc7 6. Qd3 a6 7. Nxc6 Qxc6 8. Be2 b5 9. Bf3 Bb7 10. Bf4 Ne7 11. Bd6 Ng6 12. Bxf8 Rxf8 13. Qd4 Qc7 14. Qxg7 Ne5 15. Be2 b4 16. Nd1 Bxe4 17. Ne3 Bg6 18. f4 Nc6 19. O-O Qb6 20. Kf2 Nd4 21. Qe5 Nxc2 22.
Rac1 Qxe3+ 23. Qxe3 Nxe3 24. Kxe3 Ke7 25. Bf3 Ra7 26.
g3 Rb8 27. Rfd1 a5 28. h4 b3 29. a3 Bc2 30. Rd2 f5 31. Rd4 Rc8 32. Bd1 Rac7 33. Be2 Rc5 34. Ra4 d5 35. Rd4 Kd6 36. Rd2 R8c7 37.
Rd4 h6 38. Rd2 Be4 39. Rxc5 Rxc5 40. Bd3 Rc2 41. Bxe4 Rxd2 42. Kxd2 dxe4 43. Kc3 a4 44. Kd4 Kc6 45. h5 Kd6 46. Ke3 Kd5 47. Kd2 Kd4 48. Ke2 e3 49. Ke1 Kd3 50. g4 fxg4 51. f5 0-1

[Event "*** Titled Tuesday Blitz"]
[Site "Chess.com"]
[Date "2020.05.26"]
[Round "1"]
[White "Fortitudine"]
[Black "ftorodent"]
[Result "0-1"]
[WhiteElo "2304"]
[BlackElo "2661"]
[TimeControl "180+1"]
[EndTime "10:07:55 PDT"]
[Termination "ftorodent won on time"]

1. d4 f5 2. Nc3 Nf6 3. Bg5 d5 4. e3 e6 5. Bd3 Be7 6. Nge2 O-O 7.
O-O b6 8. Ng3 c5 9. Nh5 Nc6 10.
Bb5 Bd7 11. Nf4 Qc7 12. Bxc6 Qxc6 13. Nd3 Be8 14. Ne5 Qc8 15. Ne2 h6 16. Bxf6 Bxf6 17.
Nf3 g5 18. c3 Qc7 19. Re1 Bh5 20. Ng3 Bg6 21. Qd2 Rac8 22. Rec1 Kg7 23. Ne1 Be7 24. Qe2 Bd6 25. Nd3 Qf7 26. a4 c4 27. Ne5 Bxe5 28.
dxe5 f4 29. exf4 gxf4 30. Nf1 f3 31. Qxf3 Qxf3 32. gxf3 Rxf3 33. Ng3 Rcf8 34. a5 Rxf2 35. axb6 axb6 36. Ra7+ Kh8 37. Re7 Rxb2 38. Rxe6 Kg7 39.
Rf1 Rxf1+ 40. Nxf1 Be4 41. Ne3 Re2 42. Ng4 Rg2+ 43.
Kf1 Rxg4 44. Rxb6 Rg5 45. e6 Re5 46. Kf2 Kf6 47. Ke3 Rxe6 48. Rb4 Bg2+ 49. Kd4 Re1 50. h4 Rd1+ 0-1

[Event "*** Titled Tuesday Blitz"]
[Site "Chess.com"]
[Date "2020.05.26"]
[Round "1"]
[White "ErikBlomqvist"]
[Black "chessdjw"]
[Result "1-0"]
[WhiteElo "2404"]
[BlackElo "2698"]
[TimeControl "180+1"]
[EndTime "10:07:56 PDT"]
[Termination "ErikBlomqvist won by resignation"]

1. e4 c5 2. Nf3 d6 3. d4 cxd4 4.
Qxd4 Nf6 5. Be2 Nc6 6. Qe3 g6 7.
O-O Bg7 8. Rd1 O-O 9. h3 Be6 10. Nc3 Nd7 11. Nd5 Rc8 12. c3 a6 13. Qf4 Nde5 14.
Qh4 Nxf3+ 15. Bxf3 Bd7 16. Bg5 f6 17. Be3 Ne5 18.
Be2 Nc4 19. Bxc4 Rxc4 20. Nb6 g5 21. Qg3 Rxe4 22. Nxd7 Qxd7 23. Qf3 Qc6 24. Re1 Rc8 25. Qf5 e6 26. Qf3 h6 27. Rad1 d5 28. Qh5 Qe8 29. Qf3 Qg6 30. Bd4 h5 31. Rxe4 dxe4 32. Qe3 e5 33.
Bb6 f5 34. Rd7 f4 35. Qd2 Qxb6 36. Rxg7+ Kxg7 37. Qd7+ Kf6 38. Qxc8 Qd6 39. Qh8+ Ke6 40. Qxh5 e3 41. fxe3 fxe3 42. Qg6+ Kd7 43. Qxd6+ Kxd6 44. Kf1 Kd5 45. Ke2 Ke4 46. g3 b5 47. h4 gxh4 48. gxh4 Kf4 49. h5 Kg5 50. Kxe3 Kxh5 51. Ke4 b4 52. Kxe5 bxc3 53. bxc3 Kg6 54. Kd6 1-0

[Event "*** Titled Tuesday Blitz"]
[Site "Chess.com"]
[Date "2020.05.26"]
[Round "1"]
[White "vinniethepooh"]
[Black "imdarealist"]
[Result "1-0"]
[WhiteElo "2555"]
[BlackElo "2206"]
[TimeControl "180+1"]
[EndTime "10:07:57 PDT"]
[Termination "vinniethepooh won by checkmate"]

1. Nf3 d5 2. g3 Nf6 3. Bg2 Bf5 4. O-O c6 5. d3 e6 6. c4 h6 7. Nbd2 Nbd7 8. b3 Be7 9. Bb2 O-O 10.
Re1 Bh7 11. a3 Qc7 12. b4 Rac8 13. Qb3 Rfd8 14. Rac1 Qb8 15. h3 e5 16. cxd5 Nxd5 17. Nc4 Bf6 18. e4 N5b6 19. Ne3 Nf8 20. Ng4 Re8 21.
Nxf6+ gxf6 22. d4 Qd6 23. Rcd1 Qc7 24. Kh2 Rcd8 25. dxe5 Rxd1 26. Rxd1 fxe5 27. a4 Bxe4 28. a5 Bd5 29. Qc2 Nc4 30. Bc1 Qd6 31. Nh4 Nh7 32.
Qxc4 Rd8 33. Qg4+ Kf8 34. Nf5 Qf6 35. Bxh6+ Ke8 36. Bxd5 Rxd5 37. Rxd5 cxd5 38. Qg8+ Kd7 39. Qxh7 Kc6 40. g4 e4 41. Qg7 Qb2 42. Qxb2 Kb5 43.
Nd4+ Kc4 44. Be3 b5 45. axb6 axb6 46. b5 Kc5 47. Qc3+ Kd6 48. Bf4+ Kd7 49. Qc7+ Ke8 50. Bd6 f6 51. Qe7# 1-0

[Event "*** Titled Tuesday Blitz"]
[Site "Chess.com"]
[Date "2020.05.26"]
[Round "1"]
[White "HouseOfDurin"]
[Black "ama18"]
[Result "0-1"]
[WhiteElo "2045"]
[BlackElo "2487"]
[TimeControl "180+1"]
[EndTime "10:07:57 PDT"]
[Termination "ama18 won on time"]

1. d4 Nf6 2. Bg5 e6 3. e4 h6 4.
Bxf6 Qxf6 5. e5 Qd8 6. f4 c5 7.
d5 d6 8. dxe6 Bxe6 9. Bb5+ Nc6 10.
Nc3 dxe5 11. Bxc6+ bxc6 12. Qxd8+ Rxd8 13. fxe5 g5 14. h3 Bg7 15. Nf3 O-O 16. Ne4 Bd5 17. Nxc5 Bxf3 18.
gxf3 Bxe5 19. Nd3 Bd4 20. Kd2 Bxb2 21. Rab1 Bd4 22. Rb7 Rfe8 23. h4 c5 24. Rc7 Rc8 25.
Rxc8 Rxc8 26. hxg5 hxg5 27. c4 Rb8 28. Re1 Kf8 29. Kc2 Rb6 30. Re4 Ra6 31. Kb3 Rb6+ 32. Kc2 Rf6 33. f4 g4 34. Re2 g3 35. Rg2 Rg6 36. Kd2 Rg4 37. Ke2 Rh4 38. Kf3 Rh1 39.
Kxg3 Rd1 40. Ne5 Bxe5 41. fxe5 Rd4 42. Rc2 Ke7 43. Kf3 Ke6 44. Rb2 Rxc4 45. Rb7 Ra4 46. Rc7 c4 47. Rc6+ Kxe5 48. Rc5+ Kd4 49. Rc7 c3 50.
Rxf7 Kd3 51. Rd7+ Kc2 52. Ke2 Rxa2 53. Ke1 Ra1+ 0-1

[Event "*** Titled Tuesday Blitz"]
[Site "Chess.com"]
[Date "2020.05.26"]
[Round "1"]
[White "Shockerlover"]
[Black "kingofthenil"]
[Result "1-0"]
[WhiteElo "1765"]
[BlackElo "2446"]
[TimeControl "180+1"]
[EndTime "10:07:57 PDT"]
[Termination "Shockerlover won on time"]

1. d4 Nf6 2. Nf3 c5 3. d5 e6 4. c4 exd5 5. cxd5 d6 6. Nc3 g6 7. e4 Bg7 8. Bd3 a6 9. a4 Bg4 10. h3 Bxf3 11. Qxf3 Nbd7 12. Qg3 Qc7 13. O-O O-O 14.
Bf4 Ne8 15. Rfe1 Ne5 16. Bc2 Rb8 17. Bg5 b5 18. axb5 axb5 19. f4 Nc4 20. b3 Nd2 21. Rad1 Qa5 22. e5 dxe5 23. fxe5 f6 24. Bxd2 fxe5 25.
Ne4 Qb6 26. Kh1 Nd6 27. Nxd6 Qxd6 28. Rf1 c4 29. bxc4 bxc4 30. Rxf8+ Rxf8 31. Be4 Rc8 32. Qc3 Rc7 33. Be3 Bf6 34. Rf1 Kg7 35. Bg1 Be7 36.
Bh2 Bf6 37. Rxf6 Kxf6 38. Bxe5+ Qxe5 39. Qf3+ Ke7 40. d6+ Kxd6 41. Qf8+ 1-0